 Dungeon Crawl Stone Soup version 0.20.0 (webtiles) character file.

10780 BarneyGumball the Severer (level 11, -7/61 HPs)
             Began as a Gargoyle Fighter on June 5, 2017.
             Was an Elder of Okawaru.
             Killed by Ozocubu's Refrigeration
             ... invoked by Fannar
              (27 damage)
             ... on level 1 of the Lair of Beasts on June 6, 2017.
             The game lasted 00:46:56 (14236 turns).

BarneyGumball the Severer (Gargoyle Fighter)       Turns: 14236, Time: 00:46:58

Health: -7/61      AC: 20    Str: 20    XL:     11   Next: 67%
Magic:  9/11       EV: 17    Int: 13    God:    Okawaru [****..]
Gold:   511        SH: 12    Dex: 17    Spells: 7/10 levels left

rFire    . . .     SeeInvis +   a - +0 war axe
rCold    . . .     Gourm    .   z - +0 shield
rNeg     + . .     Faith    .   b - +0 scale mail
rPois    ∞         Spirit   .   o - +1 helmet {SInv}
rElec    +         Reflect  .   (no cloak)
rCorr    .         Harm     .   (no gloves)
MR       .....                  d - +1 pair of boots
Stlth    +++.......             (no amulet)
Regen    0.2/turn               B - +4 ring of intelligence
MPRegen  0.2/turn               (no ring)

@: agile, heroism
A: negative energy resistance 1, electricity resistance, unbreathing,
petrification resistance, rot immunity, AC +7
a: Heroism, Renounce Religion


You were on level 1 of the Lair of Beasts.
You worshipped Okawaru.
Okawaru was greatly pleased with you.
You were not hungry.

You visited 2 branches of the dungeon, and saw 11 of its levels.
You also visited: Sewer.

You collected 566 gold pieces.
You spent 55 gold pieces at shops.

Inventory:

Hand Weapons
 a - a +0 war axe (weapon)
Armour
 b - a +0 scale mail (worn)
 d - a +1 pair of boots (worn)
 o - a +1 helmet of see invisible (worn)
 z - a +0 shield (worn)
Jewellery
 B - a +4 ring of intelligence (left hand)
Wands
 y - a wand of lightning (0/15)
 D - a wand of polymorph (13/24)
Scrolls
 h - 3 scrolls of teleportation
 i - 4 scrolls of identify
 l - 2 scrolls of fog
 r - 6 scrolls of remove curse
 s - 2 scrolls of enchant weapon {unknown}
 w - a scroll of enchant armour {unknown}
 x - 4 scrolls of amnesia {unknown}
 A - a scroll of acquirement {unknown}
Potions
 c - a potion of degeneration {unknown}
 e - 5 potions of curing
 j - a potion of invisibility {unknown}
 k - a potion of lignification
 p - a potion of resistance
 q - a potion of brilliance
 t - 2 potions of flight
 u - a potion of mutation {unknown}
 C - 2 potions of cancellation {unknown}
Books
 n - a book of Battle

   Spells                             Type                      Level
   a - Infusion                       Charms                       1
   b - Shroud of Golubria             Charms/Translocation         2
   c - Song of Slaying                Charms                       2
   d - Spectral Weapon                Hexes/Charms                 3
   e - Regeneration                   Charms/Necromancy            3
Comestibles
 f - 8 bread rations
 g - 17 royal jellies
 m - 3 fruits
 v - 4 meat rations


   Skills:
 - Level 4.1(9.1) Fighting
 * Level 15.6(20.6) Axes
 - Level 3.2(8.2) Armour
 + Level 3.7(8.7) Shields


You had 7 spell levels left.
You knew the following spells:

 Your Spells              Type           Power        Failure   Level  Hunger
a - Regeneration          Chrm/Necr      #.........   99%         3    ####...


Dungeon Overview and Level Annotations

Branches:
Dungeon (9/15)             Temple (0/1) D:7            Lair (2/6) D:9
    Orc (0/2) D:9
  Swamp: Lair:2-4    Shoals: Lair:2-4     Snake: Lair:2-4    Spider: Lair:2-4

Altars:
Ashenzari
Cheibriados
Gozag
Nemelex Xobeh
Okawaru
Vehumet
Xom
Zin
The Shining One

Shops:
D:4 [?[   D:8 *

Annotations:
D:4 Gridlocked's ghost, amateur MiBe
D:5 Sigmund
D:6 exclusions: electric eel and 2 more exclusions
D:8 Psyche
Lair:1 Fannar


Innate Abilities, Weirdness & Mutations

You are resistant to torment.
Your stone body is resilient. (AC +7)
You are immune to poison.
You resist negative energy. (rN+)
You are resistant to electric shocks. (rElec)
You can survive without breathing.
You are immune to petrification.
You are immune to rotting.


Message History

You hit the ice beast but do no damage.
The ice beast hits you but does no damage.
You block Fannar's attack.
You slash Fannar!
Fannar is severely wounded.
You closely miss the ice beast. The ice beast closely misses you.
Fannar barely misses you.
You slash Fannar!
Fannar is almost dead.
You hit the ice beast. You block the ice beast's attack.
You hit Fannar.
Fannar is almost dead.
You hit the ice beast. You block Fannar's attack.
You closely miss Fannar.
Fannar is almost dead.
You slash the ice beast! You block the ice beast's attack.
Fannar casts a spell.
Fannar drains the heat from the surrounding environment!
You feel very cold.
You die...

.................##.# ##....
.................P#.# ### ###..
..#............####.# ##.###....
...............##...# ##...##....
.....#..≈≈≈≈≈≈.##.#####..#.......
.....#..§≈≈≈≈≈.............P#....
#....#..≈≈≈≈≈§....#.###..#.##....
....##..≈§≈§§§.e..### ##.####....
#...##..§§§§§≈.Y@.# #..###.....
....##§.≈≈≈≈§§.#### ##..###....
........≈§≈§≈≈§# #.####....
....#P..≈≈§≈≈§.## #.# #.#.##
....##.....§....# #.#####.##
#...#.#.##.....## ##....##...
###...........## #..........
####P..###### #.......... ##..#
##.........


You could see Fannar and an ice beast.

Vanquished Creatures
  Sonja (Lair:1)
  The ghost of BarneyGumball the Ruffian, a novice NaTm of Cheibriados (D:5)
  2 black mambas (Lair:1)
  Joseph (D:7)
  2 spiny frogs
  A molten gargoyle (Lair:1)
  2 rime drakes (Lair:1)
  A queen bee (Lair:1)
  4 blink frogs
  2 wyverns
  2 hungry ghosts
  2 soldier ants (D:9)
  A water moccasin (Lair:1)
  Duvessa (D:7)
  2 orc warriors
  9 porcupines
  3 ogres
  An ice beast (D:6)
  A necrophage (D:7)
  3 phantoms
  A centaur (D:8)
  A crocodile (D:9)
  4 big kobolds
  11 bullfrogs
  Dowan (D:7)
  4 scorpions
  A troll zombie (D:9)
  14 killer bees (Lair:1)
  4 wights
  A howler monkey (D:7)
  2 crimson imps (D:7)
  A bullfrog zombie (D:6)
  2 centaur skeletons
  A hound (D:7)
  4 jellies
  2 orc priests
  10 orc wizards
  Jessica (D:2)
  Natasha (D:1)
  3 iguanas
  8 worker ants
  A killer bee zombie (D:6)
  5 ogre zombies (D:9)
  A hound zombie (D:6)
  2 howler monkey zombies (D:6)
  A worker ant zombie (D:6)
  3 gnolls (D:2)
  8 adders
  3 shadow imps
  An ooze (D:3)
  An adder zombie (D:9)
  2 adder skeletons
  6 worms
  A dart slug (D:3)
  2 leopard geckos
  25 orcs
  10 bats
  5 giant cockroaches
  7 goblins
  6 hobgoblins
  14 jackals
  31 kobolds
  2 quokkas
  A ball python (D:6)
  A ball python skeleton (D:4)
  2 frilled lizards
  2 goblin zombies (D:9)
  2 hobgoblin zombies (D:9)
  2 leopard gecko skeletons (D:8)
  3 orc skeletons (D:9)
  12 orc zombies (D:9)
  2 quokka skeletons
  11 rats
  A plant (Lair:1)
295 creatures vanquished.

Vanquished Creatures (others)
  7 plants
7 creatures vanquished.

Grand Total: 302 creatures vanquished

Notes
Turn   | Place    | Note
-------+----------+-------------------------------------------
     0 | D:1      | BarneyGumball the Gargoyle Fighter began the quest for the Orb.
     0 | D:1      | Reached XP level 1. HP: 14/14 MP: 1/1
   256 | D:1      | Reached skill level 2 in Axes
   388 | D:1      | Reached XP level 2. HP: 19/19 MP: 2/2
   862 | D:2      | Found a glowing silver altar of Zin.
   862 | D:2      | Found a shimmering altar of Xom.
   862 | D:2      | Noticed an angel
  1268 | D:1      | Reached skill level 3 in Axes
  1282 | D:2      | Noticed Natasha
  1283 | D:2      | Noticed a crimson imp
  1285 | D:1      | Reached XP level 3. HP: 23/23 MP: 3/3
  1428 | D:1      | Killed Natasha
  1667 | D:2      | Reached XP level 4. HP: 24/28 MP: 4/4
  1736 | D:2      | Reached skill level 4 in Axes
  1970 | D:2      | Found an opulent altar of Gozag.
  1971 | D:2      | Found a sparkling altar of Nemelex Xobeh.
  2428 | D:3      | Noticed Jessica
  2441 | D:2      | Killed Jessica
  2441 | D:2      | Reached XP level 5. HP: 32/32 MP: 5/5
  2809 | D:3      | Reached skill level 5 in Axes
  2993 | D:3      | Reached XP level 6. HP: 37/37 MP: 6/6
  3260 | D:4      | Found Gygat's Magic Scroll Shoppe.
  3285 | D:4      | Noticed Gridlocked's ghost (amateur MiBe)
  3344 | D:4      | Got a spiked scale mail
  3355 | D:4      | Identified the +2 scale mail "Biugru" {Str-2 Int+6 Stlth+} (You found it on level 4 of the Dungeon)
  3447 | D:4      | Reached skill level 6 in Axes
  3626 | D:4      | Found Giggafor's Antique Armour Shoppe.
  3957 | D:4      | Found a glowing golden altar of the Shining One.
  3998 | D:5      | Entered Level 5 of the Dungeon
  4049 | D:5      | Found a shattered altar of Ashenzari.
  4083 | D:5      | Noticed BarneyGumball's ghost (novice NaTm)
  4125 | D:5      | Killed BarneyGumball's ghost
  4125 | D:5      | Reached skill level 8 in Axes
  4125 | D:5      | Reached XP level 7. HP: 12/41 MP: 7/7
  4365 | D:5      | Reached XP level 8. HP: 45/46 MP: 8/8
  4379 | D:5      | Noticed Sigmund
  4453 | D:4      | Found Ranyitont's Antique Armour Shoppe.
  4664 | D:5      | Found a glowing drain.
  4683 | Sewer    | Entered a sewer
  4851 | Sewer    | Found a white marble altar of Elyvilon.
  5137 | D:5      | Reached skill level 9 in Axes
  5694 | D:6      | Reached skill level 10 in Axes
  5789 | D:6      | Reached XP level 9. HP: 42/51 MP: 9/9
  5905 | D:6      | Found a shimmering altar of Xom.
  6532 | D:6      | Found a radiant altar of Vehumet.
  6649 | D:7      | Found an iron altar of Okawaru.
  6698 | D:7      | Became a worshipper of Warmaster Okawaru
  6744 | D:7      | Reached skill level 11 in Axes
  6900 | D:7      | Found a staircase to the Ecumenical Temple.
  6978 | D:7      | Noticed Joseph
  7002 | D:7      | Killed Joseph
  7183 | D:7      | Noticed Duvessa
  7205 | D:7      | Noticed Dowan
  7217 | D:7      | Killed Duvessa
  7217 | D:7      | Reached * piety under Okawaru
  7219 | D:7      | Killed Dowan
  7219 | D:7      | Reached skill level 12 in Axes
  7752 | D:7      | Reached XP level 10. HP: 50/56 MP: 10/10
  7934 | D:8      | Found Ydwi's General Store.
  8285 | D:8      | Bought a royal jelly for 22 gold pieces
  8285 | D:8      | Bought a scroll of teleportation for 33 gold pieces
  8437 | D:8      | Found Migoll's General Store.
  8479 | D:8      | Noticed Psyche
  9193 | D:8      | Reached ** piety under Okawaru
  9431 | D:9      | Found a snail-covered altar of Cheibriados.
  9441 | D:9      | Reached skill level 13 in Axes
  9846 | D:9      | Found a staircase to the Orcish Mines.
 10125 | D:9      | Found a staircase to the Lair.
 10366 | D:9      | Learned a level 3 spell: Regeneration
 10685 | Lair:1   | Entered Level 1 of the Lair of Beasts
 10813 | D:9      | Reached *** piety under Okawaru
 10895 | D:9      | Reached skill level 14 in Axes
 11062 | Lair:1   | Noticed Sonja
 11189 | Lair:1   | Killed Sonja
 11189 | Lair:1   | Reached XP level 11. HP: 54/60 MP: 11/11
 11222 | Lair:1   | Found a frozen archway.
 11532 | Lair:1   | Reached **** piety under Okawaru
 12072 | Lair:1   | Reached skill level 15 in Axes
 13919 | Lair:2   | Noticed Fannar
 14154 | Lair:2   | Noticed a six-headed hydra
 14236 | Lair:1   | Killed from afar by Fannar

Skill      XL: |  1  2  3  4  5  6  7  8  9 10 11 |
---------------+----------------------------------+-----
Axes           | 2 3 4 5 8 10 12 14 15 | 15.6
Fighting       | 4 |  4.1
Armour         | |  3.2
Shields        | |  3.7

Action                   |  1- 3 |  4- 6 |  7- 9 | 10-12 || total
-------------------------+-------+-------+-------+-------++-------
Melee: War axe           |   109 |   249 |   477 |   681 ||  1516
Invok: Heroism           |       |       |       |    14 ||    14
Evoke: Wand              |       |       |     3 |     5 ||     8
  Use: Potion            |       |     2 |     5 |     8 ||    15
       Scroll            |       |       |    11 |     1 ||    12
  Eat: Chunk             |     2 |     7 |     7 |    13 ||    29
       Meat ration       |       |     1 |       |     3 ||     4
       Royal jelly       |       |       |     1 |     3 ||     4
       Fruit             |       |       |       |     9 ||     9
Armor: Scale mail        |    54 |   124 |   196 |   289 ||   663
Dodge: Dodged            |    41 |    76 |   111 |   198 ||   426
Block: Shield            |    51 |   117 |   142 |   249 ||   559
